 Dungeon Crawl Stone Soup version 0.30.0 (webtiles) character file.

Game seed: 16115203625834414450

482 Falcon16 the Chopper (level 6, -1/47 HPs)
             Began as a Demonspawn Gladiator on Nov 23, 2023.
             Was a Follower of Qazlal.
             Killed by nerve-wracking pain
             ... invoked by an orc priest
              (13 damage)
             ... on level 5 of the Dungeon on Nov 24, 2023.
             The game lasted 00:20:26 (3439 turns).

Falcon16 the Chopper (Demonspawn Gladiator)         Turns: 3439, Time: 00:20:30

Health: -1/47      AC: 11    Str: 14    XL:     6   Next: 87%
Magic:  6/6        EV: 12    Int: 10    God:    Qazlal [*.....]
Gold:   143        SH:  1    Dex: 18    Spells: 5/5 levels left

rFire   . . .        s - +2 hand axe (elec)
rCold   . . .        (no shield)
rNeg    . . .        i - +1 ring mail
rPois   +            c - +0 helmet
rElec   .            (no cloak)
rCorr   .            (no gloves)
SInv    .            (no boots)
Will    .....        l - amulet of faith
Stlth   ++           t - ring of poison resistance
HPRegen 0.27/turn    x - +4 ring of protection
MPRegen 0.10/turn

%: faith
@: no status effects
A: claws 2, thin skeletal structure 1
a: Renounce Religion


You were on level 5 of the Dungeon.
You worshipped Qazlal.
Qazlal was aware of your devotion.
You visited 1 branch of the dungeon, and saw 5 of its levels.

You collected 143 gold pieces.

Inventory:

Hand Weapons
 a - a +0 quarterstaff
 f - a +2 hand axe
 s - a +2 hand axe of electrocution (weapon)
 w - a +2 dagger of speed
 y - a +1 halberd of freezing
 A - a +0 arbalest
 D - a +2 heavy hand axe
 E - a +3 dagger
Missiles
 d - a throwing net
 e - a javelin
 j - 53 stones
 r - 6 silver boomerangs (quivered)
 B - 4 poisoned darts
Armour
 b - a +0 leather armour
 c - a +0 helmet (worn)
 i - a +1 ring mail (worn)
 k - a +0 ring mail
Jewellery
 l - an amulet of faith (around neck)
 t - a ring of poison resistance (left claw)
 x - a +4 ring of protection (right claw)
Wands
 C - a wand of iceblast (11)
Scrolls
 p - a scroll of blinking
 q - 2 scrolls of teleportation
 v - a scroll of magic mapping
 F - a scroll of immolation {unknown}
Potions
 g - 3 potions of heal wounds
 h - a potion of degeneration
 m - 2 potions of lignification
 n - a potion of berserk rage
 o - 2 potions of attraction {unknown}
 u - 2 potions of might {unknown}
 z - a potion of cancellation {unknown}


   Skills:
 + Level 3.0 Fighting
 + Level 3.8 Axes
 + Level 3.2 Staves
 + Level 2.2 Throwing
 + Level 2.7 Armour
 + Level 3.6 Dodging
 + Level 0.4 Stealth


You had 5 spell levels left.
You didn't know any spells.
Your spell library contained the following spells:

 Spells                   Type           Power      Damage    Failure   Level
 Magic Dart               Conj           0%         1d3       58%         1
 Call Imp                 Summ           0%         N/A       75%         2
 Mephitic Cloud           Conj/Pois/Air  0%         N/A       92%         3
 Borgnjor's Revivificati  Necr           0%         N/A       100%        8
 Necromutation            Tmut/Necr      0%         N/A       100%        8
 Death's Door             Necr           0%         N/A       100%        9


Dungeon Overview and Level Annotations

Branches:
Dungeon (5/15)
 Temple: D:4-7

Altars:
Fedhas
Qazlal
Ru
Vehumet

Shops:
D:1 :


Innate Abilities, Weirdness & Mutations

You have very sharp fingernails.
You have a somewhat thin skeletal structure. (Dex +2, Stealth+)


Message History

You closely miss the gnoll. The gnoll sergeant closely misses you.
The gnoll hits you but does no damage. The gnoll completely misses you.
You hit the gnoll sergeant but do no damage.
The gnoll sergeant is severely wounded.
You hit the gnoll.
The gnoll sergeant hits you with a +0 trident!
The gnoll barely misses you. You block the gnoll's attack.
You hit the gnoll sergeant but do no damage.
The gnoll sergeant is severely wounded.
You hit the gnoll.
The gnoll is engulfed in a thunderstorm.
You kill the gnoll!
Qazlal accepts your kill.
The gnoll sergeant hits you with a +0 trident.
You block the gnoll's attack.
You closely miss the gnoll sergeant.
The gnoll sergeant is severely wounded.
The gnoll barely misses you.
The gnoll sergeant hits you with a +0 trident.
An orc priest comes into view. It is wielding a +0 falchion.
You closely miss the gnoll sergeant.
The gnoll sergeant is severely wounded.
The gnoll barely misses you.
The gnoll sergeant hits you but does no damage.
You closely miss the gnoll sergeant.
The gnoll sergeant is severely wounded.
The gnoll sergeant barely misses you. The gnoll barely misses you.
You hit the gnoll sergeant but do no damage.
The gnoll sergeant is severely wounded.
The gnoll sergeant hits you but does no damage.
The gnoll hits you from afar with a +0 halberd.
* * * LOW HITPOINT WARNING * * *
You hit the gnoll sergeant but do no damage.
Lightning courses through the gnoll sergeant!
You kill the gnoll sergeant!
Qazlal accepts your kill. The gnoll barely misses you.
The orc priest calls down the wrath of Beogh upon you.
Pain shoots through your body!
You die...

##.## #.# ##
##...###.#
#........# #
##...##### #.
####....# #..
#.......#
##...#####.#####.#
.....g)..#.#### .#
...o..)@......# ..
......°..#.##....##
##...#####.# ##.#
#.. #.. #. #### #


You could see an orc priest and a gnoll.

Vanquished Creatures
  A scorpion (D:4)
  A gnoll sergeant (D:5)
  A howler monkey (D:4)
  2 hounds (D:4)
  An orc priest (D:4)
  2 jellies (D:4)
  2 sleepcaps (D:4)
  An orc wizard (D:3)
  2 adders
  7 gnolls
  2 dart slugs
  5 orcs
  5 ball pythons
  5 endoplasms
  3 giant cockroaches
  8 goblins
  4 hobgoblins
  9 jackals
  3 kobolds
  2 quokkas
  2 bats
  5 frilled lizards (D:3)
  4 rats (D:1)
77 creatures vanquished.

Vanquished Creatures (others)
  6 plants (D:4)
6 creatures vanquished.

Grand Total: 83 creatures vanquished

Notes
Turn   | Place    | Note
-------+----------+-------------------------------------------
     0 | D:1      | Falcon16 the Demonspawn Gladiator began the quest for the
                  | Orb.
     0 | D:1      | Reached XP level 1. HP: 16/16 MP: 1/1
   415 | D:1      | Gained mutation: You have sharp fingernails. [demonic
                  | ancestry]
   415 | D:1      | Reached XP level 2. HP: 21/22 MP: 2/2
   531 | D:1      | Found Coanum's Book Shoppe.
  1310 | D:2      | Reached XP level 3. HP: 27/27 MP: 3/3
  1785 | D:3      | Reached skill level 1 in Axes
  1789 | D:3      | Reached XP level 4. HP: 26/33 MP: 4/4
  1949 | D:3      | Found a blossoming altar of Fedhas.
  1955 | D:3      | Reached skill level 1 in Armour
  2095 | D:3      | Found a stormy altar of Qazlal.
  2131 | D:3      | Became a worshipper of Qazlal Stormbringer
  2584 | D:3      | Gained mutation: You have a somewhat thin skeletal
                  | structure. (Dex +2, Stealth+) [demonic ancestry]
  2584 | D:3      | Reached XP level 5. HP: 25/38 MP: 5/5
  2660 | D:3      | Found a sacrificial altar of Ru.
  2773 | D:4      | Reached * piety under Qazlal
  2819 | D:4      | Gained mutation: You have very sharp fingernails. [demonic
                  | ancestry]
  2819 | D:4      | Reached XP level 6. HP: 33/46 MP: 6/6
  3300 | D:4      | Found a radiant altar of Vehumet.
  3367 | D:5      | Entered Level 5 of the Dungeon
  3439 | D:5      | Killed from afar by an orc priest

Illustrated notes

Levels and vault maps discovered:
D:1:      shiori_shiawase, layout_basic, serial_shops, shop
D:2:      minmay_evil_eye, layout_basic
D:3:      layout_loops_ring, fedhas_altar_1, mainiacjoe_overflow_alcove_1,
          mainiacjoe_overflow_brackets, kennysheep_generic_room_10
D:4:      layout_rooms, kennysheep_mini_moat, guppyfry_early_lair_pool
D:5:      layout_loops_cross, minmay_temple_entry_overgrown, minmay_hedge_maze

Skill      XL: |  1  2  3  4  5  6 |
---------------+-------------------+-----
Staves         | 3 |  3.2
Dodging        | 3 |  3.6
Throwing       | 2 |  2.2
Axes           | 1 2 3 |  3.8
Armour         | 1 2 |  2.7
Fighting       | 3 |  3.0
Stealth        | |  0.4

Action                     |  1- 3 |  4- 6 || total
---------------------------+-------+-------++-------
  Melee: Hand axe          |   113 |   154 ||   267
         Punch             |     1 |     1 ||     2
  Throw: Throwing net      |     3 |       ||     3
         Boomerang         |       |     3 ||     3
    Use: Scroll            |    14 |     3 ||    17
         Potion            |     2 |       ||     2
 Armour: Leather armour    |     6 |       ||     6
         Ring mail         |    50 |    56 ||   106
  Dodge: Dodged            |    91 |    77 ||   168
  Block: Other             |       |     5 ||     5
